WIN
CINCINNATI (WIN) REDS @ ST. LOUIS (WIN) CARDINALS
12/06/2045
 
TOP OF THE 1ST
Cincinnati (WIN) Reds batting - Pitching for St. Louis (WIN) Cardinals : LHP John Fisher
Pitching: LHP John Fisher
Batting: RHB Solange Le Coq 0-0: Called Strike
0-1: Swinging Strike
0-2: Strikes out looking
Batting: RHB Jon Marquez 0-0: TRIPLE (Flyball, 78XD, EV 113.1 MPH)
Batting: SHB Freddie Farrar 0-0: Ground out 4-3 (Groundball, 4, EV 89.4 MPH)
Jon Marquez scores
Batting: SHB Tim Utz 0-0: Hit by Pitch
Batting: SHB Kristian Kristensen 0-0: Called Strike
0-1: Swinging Strike
0-2: Strikes out swinging
Top of the 1st over - 1 run, 1 hit, 0 errors, 1 left on base; Cincinnati (WIN) 1 - St. Louis (WIN) 0
BOTTOM OF THE 1ST
St. Louis (WIN) Cardinals batting - Pitching for Cincinnati (WIN) Reds : RHP Roberto Cortez
Pitching: RHP Roberto Cortez
Batting: RHB Nick Gentzel 0-0: Swinging Strike
0-1: Ball
1-1: Foul Ball, location: 2F
1-2: Foul Ball, location: 2F
1-2: Foul Ball, location: 2F
1-2: Foul Ball, location: 2F
1-2: Strikes out looking
Batting: RHB Klaas Meij 0-0: Ball
1-0: Ball
2-0: Reached on error, E5 (Groundball, 5S, EV 70.0 MPH)
Batting: LHB Ichiro Toyota 0-0: Called Strike
0-1: Swinging Strike
0-2: SINGLE (Groundball, 4MD, EV 97.5 MPH)
Klaas Meij to second
Batting: RHB Melvin Enriquez 0-0: Called Strike
0-1: Grounds into double play, 6-4-3 (Groundball, 6, EV 106.9 MPH)
Bottom of the 1st over - 0 runs, 1 hit, 1 error, 1 left on base; Cincinnati (WIN) 1 - St. Louis (WIN) 0
TOP OF THE 2ND
Cincinnati (WIN) Reds batting - Pitching for St. Louis (WIN) Cardinals : LHP John Fisher
Batting: RHB Tim Wormell 0-0: SOLO HOME RUN (Flyball, 7LD, EV 95.6 MPH), Distance : 363 ft
Batting: RHB Pedro Pinero 0-0: Ball
1-0: Ball
2-0: Ball
3-0: Called Strike
3-1: Foul Ball, location: 2F
3-2: Strikes out swinging
Batting: LHB Curt Johnson 0-0: Called Strike
0-1: Ball
1-1: Ground out U3 (Groundball, 3L, EV 106.9 MPH)
Batting: LHB Steven Wamble 0-0: Ball
1-0: Ball
2-0: Foul Ball, location: 2F
2-1: Foul Ball, location: 2F
2-2: Ball
3-2: Foul Ball, location: 2F
3-2: Base on Balls
Batting: RHB Solange Le Coq 0-0: Called Strike
0-1: Called Strike
0-2: Foul Ball, location: 2F
0-2: Ball
1-2: Foul Ball, location: 2F
1-2: Strikes out swinging
Top of the 2nd over - 1 run, 1 hit, 0 errors, 1 left on base; Cincinnati (WIN) 2 - St. Louis (WIN) 0
BOTTOM OF THE 2ND
St. Louis (WIN) Cardinals batting - Pitching for Cincinnati (WIN) Reds : RHP Roberto Cortez
Batting: RHB Tim Nettles 0-0: Ball
1-0: Swinging Strike
1-1: Swinging Strike
1-2: Ball
2-2: Ball
3-2: Foul Ball, location: 2F
3-2: Foul Ball, location: 2F
3-2: SOLO HOME RUN (Flyball, 7D, EV 104.4 MPH), Distance : 409 ft
Batting: RHB Dan Boykins 0-0: Fly out, F8 (Flyball, 78D, EV 105.0 MPH)
Batting: RHB Danny Gallo 0-0: Ball
1-0: Called Strike
1-1: Ball
2-1: Foul Ball, location: 2F
2-2: Foul Ball, location: 2F
2-2: Foul Ball, location: 2F
2-2: Foul Ball, location: 2F
2-2: Ground out 6-3 (Groundball, 6, EV 107.5 MPH)
Batting: RHB Justin Reich 0-0: Called Strike
0-1: Foul Ball, location: 2F
0-2: Strikes out looking
Bottom of the 2nd over - 1 run, 1 hit, 0 errors, 0 left on base; Cincinnati (WIN) 2 - St. Louis (WIN) 1
TOP OF THE 3RD
Cincinnati (WIN) Reds batting - Pitching for St. Louis (WIN) Cardinals : LHP John Fisher
Batting: RHB Jon Marquez 0-0: Called Strike
0-1: SINGLE (Groundball, 34D, EV 108.1 MPH)
Batting: SHB Freddie Farrar 0-0: Swinging Strike
0-1: Foul Ball, location: 2F
0-2: Ball
1-2: Ball
2-2: Ball
3-2: Foul Ball, location: 2F
3-2: Strikes out swinging
Batting: SHB Tim Utz 0-0: Called Strike
0-1: Called Strike
Jon Marquez steals 2nd, throwing error, E2
Jon Marquez to third
0-2: Ball
1-2: Foul Ball, location: 2F
1-2: Foul Ball, location: 2F
1-2: Strikes out looking
Batting: SHB Kristian Kristensen 0-0: Called Strike
0-1: Swinging Strike
0-2: Ball
1-2: Ground out U3 (Groundball, 3, EV 92.5 MPH)
Top of the 3rd over - 0 runs, 1 hit, 1 error, 1 left on base; Cincinnati (WIN) 2 - St. Louis (WIN) 1
BOTTOM OF THE 3RD
St. Louis (WIN) Cardinals batting - Pitching for Cincinnati (WIN) Reds : RHP Roberto Cortez
Batting: SHB Jason Kirby 0-0: Ball
1-0: Foul Ball, location: 2F
1-1: Ball
2-1: SINGLE (Groundball, 4M, EV 103.1 MPH) (infield hit)
Batting: RHB Nick Gentzel 0-0: Ball
1-0: Called Strike
1-1: Fielders Choice at 2nd, 5-4 (Groundball, 56, EV 105.0 MPH)
Batting: RHB Klaas Meij 0-0: Swinging Strike
0-1: Ball
1-1: Ball
2-1: Foul Ball, location: 2F
2-2: Ball
3-2: Foul Ball, location: 2F
3-2: Strikes out swinging
Nick Gentzel is caught stealing 2nd base 2-4
Batter strikes out.
Bottom of the 3rd over - 0 runs, 1 hit, 0 errors, 0 left on base; Cincinnati (WIN) 2 - St. Louis (WIN) 1
TOP OF THE 4TH
Cincinnati (WIN) Reds batting - Pitching for St. Louis (WIN) Cardinals : LHP John Fisher
Batting: RHB Tim Wormell 0-0: Ball
1-0: Called Strike
1-1: Ground out 6-3 (Groundball, 6, EV 78.8 MPH)
Batting: RHB Pedro Pinero 0-0: Ball
1-0: Fly out, F8 (Flyball, 8LD, EV 106.9 MPH)
Batting: LHB Curt Johnson 0-0: Called Strike
0-1: Ball
1-1: Fly out, F8 (Flyball, 8RM, EV 94.4 MPH)
Top of the 4th over - 0 runs, 0 hits, 0 errors, 0 left on base; Cincinnati (WIN) 2 - St. Louis (WIN) 1
BOTTOM OF THE 4TH
St. Louis (WIN) Cardinals batting - Pitching for Cincinnati (WIN) Reds : RHP Roberto Cortez
Batting: LHB Ichiro Toyota 0-0: Called Strike
0-1: Called Strike
0-2: Ground out 6-3 (Groundball, 6M, EV 85.6 MPH)
Batting: RHB Melvin Enriquez 0-0: Ball
1-0: Called Strike
1-1: Swinging Strike
1-2: Strikes out swinging
Batting: RHB Tim Nettles 0-0: Fly out, F7 (Flyball, 7LM, EV 88.8 MPH)
Bottom of the 4th over - 0 runs, 0 hits, 0 errors, 0 left on base; Cincinnati (WIN) 2 - St. Louis (WIN) 1
TOP OF THE 5TH
Cincinnati (WIN) Reds batting - Pitching for St. Louis (WIN) Cardinals : LHP John Fisher
Batting: LHB Steven Wamble 0-0: Ball
1-0: Swinging Strike
1-1: Ball
2-1: Ground out 3-1 (Groundball, 13, EV 79.4 MPH)
Batting: RHB Solange Le Coq 0-0: Ball
1-0: Ball
2-0: Ball
3-0: Base on Balls
Batting: RHB Jon Marquez 0-0: Ball
1-0: Fielders Choice at 2nd, 3-6 (Groundball, 34, EV 87.5 MPH)
Batting: SHB Freddie Farrar 0-0: Ball
1-0: Called Strike
Jon Marquez is caught stealing 2nd base 2-4
Top of the 5th over - 0 runs, 0 hits, 0 errors, 0 left on base; Cincinnati (WIN) 2 - St. Louis (WIN) 1
BOTTOM OF THE 5TH
St. Louis (WIN) Cardinals batting - Pitching for Cincinnati (WIN) Reds : RHP Roberto Cortez
Batting: RHB Dan Boykins 0-0: Ball
1-0: Ball
2-0: Fly out, F9 (Flyball, 89M, EV 86.2 MPH)
Batting: RHB Danny Gallo 0-0: Ball
1-0: Ball
2-0: Called Strike
2-1: Ground out 4-3 (Groundball, 4, EV 93.1 MPH)
Batting: RHB Justin Reich 0-0: Ball
1-0: Ball
2-0: Ball
3-0: Called Strike
3-1: Ground out 5-3 (Groundball, 56S, EV 74.4 MPH)
Bottom of the 5th over - 0 runs, 0 hits, 0 errors, 0 left on base; Cincinnati (WIN) 2 - St. Louis (WIN) 1
TOP OF THE 6TH
Cincinnati (WIN) Reds batting - Pitching for St. Louis (WIN) Cardinals : LHP John Fisher
Batting: SHB Freddie Farrar 0-0: Fly out, F8 (Flyball, 78D, EV 101.9 MPH)
Batting: SHB Tim Utz 0-0: Ball
1-0: SINGLE (Groundball, 4MD, EV 107.5 MPH)
Batting: SHB Kristian Kristensen 0-0: Grounds into double play, 6-4-3 (Groundball, 6MD, EV 91.2 MPH)
Top of the 6th over - 0 runs, 1 hit, 0 errors, 0 left on base; Cincinnati (WIN) 2 - St. Louis (WIN) 1
BOTTOM OF THE 6TH
St. Louis (WIN) Cardinals batting - Pitching for Cincinnati (WIN) Reds : RHP Roberto Cortez
Batting: SHB Jason Kirby 0-0: Foul Ball, location: 2F
0-1: Foul Ball, location: 2F
0-2: Foul Ball, location: 2F
0-2: Ball
1-2: Fly out, F8 (Flyball, 8LD, EV 91.2 MPH)
Batting: RHB Nick Gentzel 0-0: Ball
1-0: Ball
2-0: Called Strike
2-1: Foul Ball, location: 2F
2-2: Strikes out swinging
Batting: RHB Klaas Meij 0-0: Called Strike
0-1: SINGLE (Groundball, 56D, EV 110.0 MPH)
Batting: LHB Ichiro Toyota 0-0: Ball
1-0: Called Strike
1-1: Swinging Strike
1-2: Ball
2-2: Ball
3-2: Foul Ball, location: 2F
3-2: Base on Balls
Klaas Meij to second
Batting: RHB Melvin Enriquez 0-0: SINGLE (Groundball, P, EV 85.6 MPH) (infield hit)
Klaas Meij to third
Ichiro Toyota to second
Pitching: LHP Jin Zhui
Batting: RHB Tim Nettles 0-0: Ball
1-0: Called Strike
1-1: Foul Ball, location: 2F
1-2: Strikes out looking
Bottom of the 6th over - 0 runs, 2 hits, 0 errors, 3 left on base; Cincinnati (WIN) 2 - St. Louis (WIN) 1
TOP OF THE 7TH
Cincinnati (WIN) Reds batting - Pitching for St. Louis (WIN) Cardinals : LHP John Fisher
Batting: RHB Tim Wormell 0-0: Ball
1-0: Ball
2-0: Ball
3-0: Called Strike
3-1: Base on Balls
Batting: RHB Pedro Pinero 0-0: Ball
1-0: Ball
2-0: Sac Bunt to 13 - play at first, batter OUT! 1-3
Tim Wormell to second
Batting: LHB Curt Johnson 0-0: Ball
1-0: Called Strike
1-1: Called Strike
1-2: Strikes out looking
Pitching: RHP Josh Sandoval
Batting: LHB Steven Wamble 0-0: Foul Ball, location: 2F
0-1: Ball
1-1: Ball
2-1: Ground out U3 (Groundball, 3, EV 103.1 MPH)
Top of the 7th over - 0 runs, 0 hits, 0 errors, 1 left on base; Cincinnati (WIN) 2 - St. Louis (WIN) 1
BOTTOM OF THE 7TH
St. Louis (WIN) Cardinals batting - Pitching for Cincinnati (WIN) Reds : LHP Jin Zhui
Batting: RHB Dan Boykins 0-0: Swinging Strike
0-1: Foul Ball, location: 2F
0-2: Ball
1-2: Ball
2-2: Foul Ball, location: 2F
2-2: Fly out, F9 (Flyball, 9, EV 88.8 MPH)
Batting: RHB Danny Gallo 0-0: Called Strike
0-1: Swinging Strike
0-2: Ball
1-2: SINGLE (Line Drive, 8LS, EV 96.9 MPH)
Batting: RHB Justin Reich 0-0: Swinging Strike
0-1: Foul Ball, location: 2F
0-2: Ball
1-2: Foul Ball, location: 2F
1-2: Ball
2-2: Ground out 5-3 (Groundball, 56S, EV 71.2 MPH)
Danny Gallo to second
Batting: SHB Jason Kirby 0-0: Ball
1-0: Ball
2-0: Foul Ball, location: 2F
2-1: Foul Ball, location: 2F
2-2: Ball
3-2: Base on Balls
Batting: RHB Nick Gentzel 0-0: Foul Ball, location: 2F
0-1: Swinging Strike
0-2: Strikes out swinging
Bottom of the 7th over - 0 runs, 1 hit, 0 errors, 2 left on base; Cincinnati (WIN) 2 - St. Louis (WIN) 1
TOP OF THE 8TH
Cincinnati (WIN) Reds batting - Pitching for St. Louis (WIN) Cardinals : RHP Josh Sandoval
Batting: RHB Solange Le Coq 0-0: Ball
1-0: Foul Ball, location: 2F
1-1: Swinging Strike
1-2: Ball
2-2: Foul Ball, location: 2F
2-2: Strikes out swinging
Batting: RHB Jon Marquez 0-0: Fly out, F9 (Flyball, 9D, EV 92.5 MPH)
Batting: SHB Freddie Farrar 0-0: Ball
1-0: Called Strike
1-1: Foul Ball, location: 2F
1-2: SINGLE (Groundball, 6MD, EV 103.8 MPH)
Batting: SHB Tim Utz 0-0: Called Strike
0-1: Ball
1-1: Foul Ball, location: 2F
1-2: Strikes out swinging
Top of the 8th over - 0 runs, 1 hit, 0 errors, 1 left on base; Cincinnati (WIN) 2 - St. Louis (WIN) 1
BOTTOM OF THE 8TH
St. Louis (WIN) Cardinals batting - Pitching for Cincinnati (WIN) Reds : LHP Jin Zhui
Pitching: RHP Tim Bant
Batting: RHB Klaas Meij 0-0: Ball
1-0: Ball
2-0: Called Strike
2-1: Foul Ball, location: 2F
2-2: Foul Ball, location: 2F
2-2: Foul Ball, location: 2F
2-2: SINGLE (Groundball, 6D, EV 97.5 MPH)
Batting: LHB Ichiro Toyota 0-0: Ball
1-0: Reached on error, E1 (Groundball, 34S, EV 71.9 MPH)
Klaas Meij to second
Batting: RHB Melvin Enriquez 0-0: Foul Ball, location: 2F
0-1: Ball
1-1: Swinging Strike
1-2: Strikes out swinging
Batting: RHB Tim Nettles 0-0: Called Strike
0-1: Grounds into double play, 4-6-3 (Groundball, 4, EV 89.4 MPH)
Bottom of the 8th over - 0 runs, 1 hit, 1 error, 1 left on base; Cincinnati (WIN) 2 - St. Louis (WIN) 1
TOP OF THE 9TH
Cincinnati (WIN) Reds batting - Pitching for St. Louis (WIN) Cardinals : RHP Josh Sandoval
Batting: SHB Kristian Kristensen 0-0: Ball
1-0: Foul Ball, location: 2F
1-1: Fly out, F9 (Flyball, 89XD, EV 90.0 MPH)
Batting: RHB Tim Wormell 0-0: Ball
1-0: Swinging Strike
1-1: Called Strike
1-2: Ball
2-2: Strikes out swinging
Batting: RHB Pedro Pinero 0-0: Called Strike
0-1: Ground out 3-1 (Groundball, 34S, EV 83.8 MPH)
Top of the 9th over - 0 runs, 0 hits, 0 errors, 0 left on base; Cincinnati (WIN) 2 - St. Louis (WIN) 1
BOTTOM OF THE 9TH
St. Louis (WIN) Cardinals batting - Pitching for Cincinnati (WIN) Reds : RHP Tim Bant
Pitching: RHP Juan Barroso
Batting: RHB Dan Boykins 0-0: Ball
1-0: Called Strike
1-1: Foul Ball, location: 2F
1-2: Strikes out swinging
Pinch Hitting: LHB Tim Olsen 0-0: Foul Ball, location: 2F
0-1: Foul Ball, location: 2F
0-2: Strikes out looking
Pinch Hitting: LHB Shigeru Ono 0-0: Ball
1-0: SINGLE (Groundball, 23, EV 76.2 MPH) (infield hit)
Batting: SHB Jason Kirby 0-0: Ball
1-0: Fly out, F3 (Line Drive, 3L, EV 65.0 MPH)
Bottom of the 9th over - 0 runs, 1 hit, 0 errors, 1 left on base; Cincinnati (WIN) 2 - St. Louis (WIN) 1
Wednesday, June 22nd , 2022 - OOTP Baseball 23.4 Build 64